[Event "Titled Tuesday Blitz August 15 Late 2023"]
[White "Yanchenko, Roman"]
[Black "Ibadov, Dashgyn"]
[WhiteFideId "4137329"]
[BlackFideId "24107514"]
[WhiteElo "2782"]
[BlackElo "2611"]
[Result "1-0"]
[Round "9"]
[TimeControl "180+1"]
[Date "2023.08.15"]
[WhiteClock "0:00:12"]
[BlackClock "0:00:00"]
[Board "22"]

1. d4 Nf6 2. Nf3 d5 3. c4 e6 4. Nc3 c6 5. Bg5 Nbd7 6. e3 Qa5 7. Bxf6 Nxf6 8. Qb3 Be7 9. Bd3 dxc4 10. Qxc4 O-O 11. O-O c5 12. dxc5 Qxc5 13. Qxc5 Bxc5 14. Rfd1 Bd7 15. Ne5 Rfd8 16. Ne4 Nxe4 17. Bxe4 Be8 18. Bxb7 Rab8 19. Rxd8 Rxd8 20. Be4 Rd2 21. Nc4 Rd8 22. Rc1 g6 23. g3 Kg7 24. Bf3 f5 25. a3 Kf6 26. h4 Be7 27. b4 Rc8 28. Be2 e5 29. Re1 Bb5 30. Na5 Ba4 31. Nc4 h6 32. Bf1 g5 33. hxg5+ hxg5 34. e4 Bb5 35. Ne3 Bxf1 36. Kxf1 fxe4 37. Nd5+ Ke6 38. Nxe7 Kxe7 39. Rxe4 Kf6 40. Re3 Kf5 41. Rf3+ Ke4 42. Rf7 a5 43. bxa5 Rc3 44. a6 Rxa3 45. a7 g4 46. Kg2 Ra2 47. Kg1 Ra1+ 48. Kh2 Ra2 49. Kg2 Ra1 50. Rg7 Kf5 51. Rb7 Ra2 52. Kf1 Ke4 53. Rf7 Ra1+ 54. Ke2 Ra2+ 55. Kd1 Kd3 56. Kc1 e4 57. Kb1 Ra6 58. Kb2 e3 59. fxe3 Kxe3 60. Kc3 Ra3+ 61. Kc4 1-0


[Site "https://www.chess.com"]

[Event "Titled Tuesday Blitz August 15 Late 2023"]
[White "Matinian, Nikita"]
[Black "Poltorak, Sebastian"]
[WhiteFideId "24129100"]
[BlackFideId "1199498"]
[WhiteElo "2721"]
[BlackElo "2567"]
[Result "1-0"]
[Round "9"]
[TimeControl "180+1"]
[Date "2023.08.15"]
[WhiteClock "0:00:29"]
[BlackClock "0:00:01"]
[Board "23"]

1. e4 c5 2. Nf3 Nc6 3. Bb5 g6 4. O-O Bg7 5. d3 e5 6. a3 Nge7 7. b4 b6 8. bxc5 bxc5 9. Bg5 f6 10. Be3 d6 11. Bc4 Nd4 12. Nbd2 Ne6 13. c3 O-O 14. Qb3 Qd7 15. d4 cxd4 16. cxd4 Kh8 17. dxe5 dxe5 18. Rfd1 Nf4 19. Bxf4 exf4 20. e5 fxe5 21. Ne4 Qf5 22. Nd6 Qf6 23. Nf7+ Rxf7 24. Bxf7 Bg4 25. h3 Bxf3 26. Qxf3 Rf8 27. Bd5 Nf5 28. Be4 Nd4 29. Qg4 Qa6 30. a4 f3 31. Bxf3 Rf4 32. Qd7 Nxf3+ 33. gxf3 Qe2 34. Qd3 Qb2 35. Rab1 Qa2 36. Rb8+ Bf8 37. Qd6 Kg7 38. Qxe5+ Rf6 39. Rxf8 1-0


[Site "https://www.chess.com"]

[Event "Titled Tuesday Blitz August 15 Late 2023"]
[White "Papp, Levente"]
[Black "RrainlessBobot"]
[WhiteFideId "751243"]
[WhiteElo "2695"]
[BlackElo "2563"]
[Result "1-0"]
[Round "9"]
[TimeControl "180+1"]
[Date "2023.08.15"]
[WhiteClock "0:00:05"]
[BlackClock "0:00:00"]
[Board "24"]

1. e4 Nf6 2. e5 Nd5 3. d4 d6 4. Nf3 dxe5 5. Nxe5 c6 6. Bd3 g6 7. Qf3 Be6 8. Nd2 Bg7 9. Ne4 Nb4 10. c3 Bxe5 11. cxb4 Qxd4 12. O-O O-O 13. Bd2 Rd8 14. Bc3 Qxd3 15. Rad1 Qxd1 16. Rxd1 Rxd1+ 17. Qxd1 Nd7 18. Bxe5 Nxe5 19. Nc5 Bd5 20. Qe2 b6 21. Qxe5 bxc5 22. bxc5 Bxa2 23. Qxe7 Bd5 24. f3 a5 25. Qb7 Re8 26. Kf2 a4 27. Qb4 Bb3 28. Qd4 Rb8 29. h4 h6 30. h5 gxh5 31. Qf6 Be6 32. Kg3 Rb5 33. Qd4 Kh7 34. Kh4 Kg6 35. Qe4+ Kg7 36. Qxc6 Rxb2 37. Qxa4 Rxg2 38. Qd4+ Kg8 39. c6 Rc2 40. c7 Kh7 41. Qe5 Rc4+ 42. Kg3 Kg6 43. Kf2 h4 44. Ke3 h3 45. Qg3+ Kh7 46. Qe5 Rc6 47. f4 Kg6 48. Qe4+ Kh5 49. Qxc6 h2 50. Qh1 1-0


[Site "https://www.chess.com"]

[Event "Titled Tuesday Blitz August 15 Late 2023"]
[White "Manukyan, Sargis A."]
[Black "Kamsky, Gata"]
[WhiteFideId "13303970"]
[BlackFideId "2000024"]
[WhiteElo "2596"]
[BlackElo "2892"]
[Result "1-0"]
[Round "9"]
[TimeControl "180+1"]
[Date "2023.08.15"]
[WhiteClock "0:00:05"]
[BlackClock "0:00:16"]
[Board "25"]

1. d4 Nf6 2. c4 e6 3. Nc3 Bb4 4. e3 O-O 5. a3 Bxc3+ 6. bxc3 b6 7. Bd3 c6 8. e4 d5 9. cxd5 cxd5 10. e5 Ne4 11. Ne2 Qh4 12. O-O f6 13. g3 Qh5 14. f3 Ng5 15. Nf4 Nh3+ 16. Nxh3 Qxh3 17. f4 Ba6 18. Bxa6 Nxa6 19. c4 dxc4 20. Qa4 Nc7 21. Qc6 Rac8 22. f5 fxe5 23. f6 gxf6 24. dxe5 Nd5 25. Qd7 Rfd8 26. Qxa7 Rc7 27. Qa4 fxe5 28. Bg5 Rdc8 29. Rae1 Qg4 30. Bc1 Qd4+ 31. Kh1 c3 32. Qc2 Rf8 33. Rxf8+ Kxf8 34. Re4 Qc5 35. Bh6+ Ke8 36. Rg4 Kd7 37. Qxh7+ Kc6 38. Qc2 Kb7 39. Rg8 Qc6 40. Kg1 Qc5+ 41. Kg2 Qxa3 42. Kh3 Qb2 43. Qa4 Rc8 44. Qd7+ Rc7 45. Qe8 Ka6 46. Qa4+ 1-0


[Site "https://www.chess.com"]

[Event "Titled Tuesday Blitz August 15 Late 2023"]
[White "Caspi, Israel"]
[Black "Lysyj, Igor"]
[WhiteFideId "2807394"]
[BlackFideId "4150120"]
[WhiteElo "2593"]
[BlackElo "2862"]
[Result "1/2-1/2"]
[Round "9"]
[TimeControl "180+1"]
[Date "2023.08.15"]
[WhiteClock "0:00:08"]
[BlackClock "0:00:05"]
[Board "26"]

1. d4 d5 2. c4 e6 3. Nc3 c5 4. cxd5 exd5 5. Nf3 Nc6 6. dxc5 d4 7. Na4 Bxc5 8. Nxc5 Qa5+ 9. Bd2 Qxc5 10. Rc1 Qb6 11. e3 Nf6 12. Bc4 O-O 13. O-O Bg4 14. exd4 Nxd4 15. Be3 Bxf3 16. Qxd4 Qxd4 17. Bxd4 Bd5 18. Bxf6 Bxc4 19. Rxc4 gxf6 20. Rfc1 Rfd8 21. h4 Rd2 22. R1c2 Rad8 23. Kh2 Kg7 24. a3 Rxc2 25. Rxc2 Rd3 26. f3 Rb3 27. Kg3 Kg6 28. Kg4 f5+ 29. Kf4 a5 30. g3 a4 31. Rc4 Rxb2 32. Rxa4 Rb3 33. Ra5 b6 34. Ra6 h6 35. Ra8 Kf6 36. Rh8 Kg7 37. Rb8 Kf6 38. h5 Rb1 39. Rh8 Kg7 40. Rd8 Rb3 41. Rd6 Rxa3 42. Rxb6 Ra5 43. Rd6 Rb5 44. Rc6 Ra5 45. Rb6 Rc5 46. Rd6 Ra5 47. Rd4 Rb5 48. Rd1 Ra5 49. Re1 Kf6 50. Rc1 Ra4+ 51. Ke3 Kg5 52. Rc5 Ra6 53. Rc7 Re6+ 54. Kf2 Rf6 55. Rc8 Kxh5 56. f4 Kg6 57. Rg8+ Kh7 58. Re8 Re6 59. Rf8 Kg7 60. Ra8 Re4 61. Kf3 h5 62. Ra5 Kg6 63. Ra6+ Re6 64. Ra8 Rb6 65. Rg8+ Kh6 66. Rg5 Rb5 67. Kg2 f6 68. Rg8 Rb4 69. Kh3 Rb1 70. Rh8+ Kg6 71. Rg8+ Kf7 72. Rh8 Rf1 73. Kg2 Rc1 74. Rxh5 Kg6 75. Rh8 Rb1 76. Rg8+ Kf7 77. Ra8 Kg6 78. Ra7 Rc1 79. Kh2 Rb1 80. Kg2 Rc1 81. Ra2 Rb1 82. Kf3 Rf1+ 83. Kg2 Rb1 84. Rf2 Rc1 85. Rd2 Rb1 86. Rd8 Rc1 87. Rg8+ Kf7 88. Rh8 Kg6 89. Rh1 Rc2+ 90. Kh3 Rc8 91. Rd1 Rh8+ 92. Kg2 Rc8 93. Kf3 Rc3+ 94. Kg2 Rc2+ 95. Kf3 1/2-1/2


[Site "https://www.chess.com"]

[Event "Titled Tuesday Blitz August 15 Late 2023"]
[White "Paszewski, Mateusz"]
[Black "Cordova, Emilio"]
[WhiteFideId "1141058"]
[BlackFideId "3801497"]
[WhiteElo "2592"]
[BlackElo "2858"]
[Result "0-1"]
[Round "9"]
[TimeControl "180+1"]
[Date "2023.08.15"]
[WhiteClock "0:00:01"]
[BlackClock "0:01:53"]
[Board "27"]

1. Nf3 d5 2. e3 c6 3. c4 Nf6 4. Nc3 e6 5. b3 Be7 6. Bb2 O-O 7. Be2 a6 8. Qc2 b5 9. Rg1 Bb7 10. g4 c5 11. g5 Ne8 12. h4 Nc6 13. a3 bxc4 14. bxc4 d4 15. Ne4 e5 16. Bd3 Kh8 17. h5 Rb8 18. Nh4 Ba8 19. Rb1 Na5 20. Nf5 Rb3 21. Ke2 Qd7 22. Nxe7 Qxe7 23. Ba1 Rxa3 24. Rb6 Nc6 25. Bb2 Nb4 26. Rxb4 cxb4 27. Bxa3 bxa3 28. Ra1 f5 29. gxf6 Nxf6 30. Rg1 a2 31. Ng5 e4 32. Bxe4 Nxe4 0-1


[Site "https://www.chess.com"]

[Event "Titled Tuesday Blitz August 15 Late 2023"]
[White "Troff, Kayden"]
[Black "Krishnan, Varun"]
[WhiteFideId "2047896"]
[BlackFideId "5054508"]
[WhiteElo "2758"]
[BlackElo "2588"]
[Result "0-1"]
[Round "9"]
[TimeControl "180+1"]
[Date "2023.08.15"]
[WhiteClock "0:00:03"]
[BlackClock "0:00:07"]
[Board "28"]

1. d4 d5 2. Nf3 Nf6 3. Bf4 e6 4. e3 Bd6 5. Ne5 O-O 6. Nd2 b6 7. c3 Bb7 8. Bd3 c5 9. O-O Qc7 10. Bg3 Nbd7 11. f4 Ne4 12. Bh4 f5 13. Rf3 Ndf6 14. Rh3 a5 15. Ndf3 Ba6 16. Bc2 Ng4 17. Ng5 Nxg5 18. Bxg5 Bxe5 19. fxe5 h6 20. Bh4 b5 21. Be1 b4 22. Rg3 cxd4 23. exd4 Qb6 24. Kh1 Qb5 25. Bd3 Qb6 26. h3 bxc3 27. bxc3 Bxd3 28. Rxd3 Qb2 29. hxg4 fxg4 30. Bg3 Rf5 31. Rb1 Qxa2 32. Rd2 Qc4 33. Qe2 Qxc3 34. Rd3 Qc4 35. Kh2 Raf8 36. Qd2 h5 37. Qc3 Qa6 38. Bh4 Rf4 39. Be7 R8f7 40. Rb8+ Kh7 41. Bh4 Re4 42. Re3 Rxe3 43. Qxe3 Qc4 44. Qd2 Qf1 45. Qg5 Qf5 46. Qd8 Qe4 47. Qh8+ Kg6 48. Qe8 Qf4+ 49. Bg3 Qg5 50. Rb7 Qf5 51. Rxf7 Qxf7 52. Qd8 Kf5 53. Qxa5 g5 54. Qd2 h4 55. Bf2 Kg6 56. Be3 Kh5 57. Bxg5 g3+ 58. Kg1 Qf2+ 59. Qxf2 gxf2+ 60. Kxf2 Kxg5 61. g3 h3 62. Kf3 Kf5 63. g4+ Kg5 64. Kg3 h2 65. Kxh2 Kxg4 66. Kg2 Kf4 67. Kh3 Ke4 68. Kg4 Kxd4 69. Kf4 Kc5 70. Kg5 d4 71. Kf6 d3 72. Kxe6 d2 73. Kf7 d1=Q 74. e6 Qd5 75. Kf6 Qd6 76. Kf7 Qf4+ 77. Ke8 Kd6 78. e7 Qe5 0-1


[Site "https://www.chess.com"]

[Event "Titled Tuesday Blitz August 15 Late 2023"]
[White "Ghazarian, Kirk"]
[Black "Leenhouts, Koen"]
[WhiteFideId "30908604"]
[BlackFideId "1008439"]
[WhiteElo "2752"]
[BlackElo "2578"]
[Result "1-0"]
[Round "9"]
[TimeControl "180+1"]
[Date "2023.08.15"]
[WhiteClock "0:00:05"]
[BlackClock "0:00:00"]
[Board "29"]

1. e4 c5 2. b3 e5 3. Bb2 Nc6 4. Bc4 Nf6 5. Nc3 Be7 6. Nge2 O-O 7. O-O d6 8. f4 Be6 9. Nd5 Nxe4 10. f5 Bxd5 11. Bxd5 Nf6 12. Bxc6 bxc6 13. c3 a5 14. d4 cxd4 15. cxd4 e4 16. Rc1 Qb6 17. Nc3 a4 18. Rb1 axb3 19. axb3 Rfb8 20. Bc1 d5 21. Kh1 c5 22. Be3 Rd8 23. Na4 Qc6 24. Nxc5 Bxc5 25. dxc5 d4 26. Bg5 Ra2 27. b4 e3 28. Qf3 Qxf3 29. gxf3 Re8 30. b5 d3 31. b6 e2 32. Rfe1 d2 33. Bxd2 Rxd2 34. c6 Nd5 35. b7 Rb8 36. Rec1 h5 37. Kg1 Nc7 38. Kf2 Ra2 39. Re1 Rc2 40. Rbc1 Rxc1 41. Rxc1 Kf8 42. Kxe2 Ke7 43. Rd1 Kf6 44. Rd7 Na6 45. Kf2 Kxf5 46. Rxf7+ Kg6 47. Rd7 Kf6 48. h4 g6 49. Kg3 Ke6 50. Kf4 Rf8+ 51. Kg5 Nb8 52. Rc7 Nxc6 53. Rxc6+ Kd7 54. Rc8 Rxc8 55. bxc8=Q+ Kxc8 56. Kxg6 Kd7 57. Kxh5 Ke7 58. Kg6 1-0


[Site "https://www.chess.com"]

[Event "Titled Tuesday Blitz August 15 Late 2023"]
[White "Bilan, Danila"]
[Black "Haydon, David L"]
[WhiteFideId "24161918"]
[BlackFideId "415405"]
[WhiteElo "2550"]
[BlackElo "2744"]
[Result "0-1"]
[Round "9"]
[TimeControl "180+1"]
[Date "2023.08.15"]
[WhiteClock "0:00:04"]
[BlackClock "0:00:36"]
[Board "30"]

1. d4 Nf6 2. Nf3 d5 3. c4 e6 4. Nc3 dxc4 5. e3 a6 6. Bxc4 b5 7. Be2 Bb7 8. O-O Nbd7 9. a3 Bd6 10. b4 O-O 11. Bb2 Qe7 12. Qc2 e5 13. Rfe1 e4 14. Nd2 Qe6 15. Nf1 Nb6 16. a4 c6 17. a5 Nbd5 18. Nxd5 Nxd5 19. Ba3 Nxb4 20. Qb1 Nd5 21. Bxd6 Qxd6 22. Qxe4 Nc3 23. Qc2 b4 24. Bf3 Rab8 25. Nd2 c5 26. Bxb7 Rxb7 27. Ne4 Qg6 28. f3 Re8 29. Rec1 cxd4 30. exd4 b3 31. Qxc3 b2 32. Rab1 bxc1=Q+ 33. Rxc1 Rd7 34. Rd1 Red8 35. d5 h6 36. d6 f5 37. Qc4+ Kh7 38. Nc5 Rxd6 39. Re1 Rd2 40. Qf1 R8d5 41. Ne6 Qf6 42. Nf4 Rxa5 43. h3 Raa2 44. Ne2 Qe5 45. f4 Qe3+ 46. Qf2 Qxf2+ 47. Kxf2 Kg6 48. Kf3 Rxe2 49. Rxe2 Rxe2 50. Kxe2 Kh5 51. Kd3 Kh4 52. Ke3 Kg3 0-1


[Site "https://www.chess.com"]

[Event "Titled Tuesday Blitz August 15 Late 2023"]
[White "Morefield, Jason"]
[Black "Grebeniuk, Semen"]
[WhiteFideId "30920825"]
[BlackFideId "14117509"]
[WhiteElo "2737"]
[BlackElo "2530"]
[Result "1/2-1/2"]
[Round "9"]
[TimeControl "180+1"]
[Date "2023.08.15"]
[WhiteClock "0:00:04"]
[BlackClock "0:00:05"]
[Board "31"]

1. e4 c5 2. Nf3 Nc6 3. Bb5 g6 4. Bxc6 dxc6 5. O-O Bg7 6. Re1 e5 7. a3 Qe7 8. d3 Nf6 9. b4 Nd7 10. bxc5 Nxc5 11. a4 Ne6 12. Ba3 c5 13. Nbd2 O-O 14. Nc4 Nd4 15. Nxd4 exd4 16. a5 Be6 17. Nd2 b5 18. f4 b4 19. Bc1 Qd7 20. h3 f5 21. Qe2 Rac8 22. e5 Rfd8 23. Bb2 Bd5 24. a6 Qe6 25. Ra5 Bf8 26. Nc4 Bxc4 27. dxc4 Rc6 28. Rea1 Rb8 29. Qf3 Rbb6 30. Qd5 Kf7 31. Kh2 Be7 32. Bc1 Rb8 33. Bd2 Rd8 34. Qf3 h5 35. Be1 Rb6 36. Rb5 Rdb8 37. Rxb6 Rxb6 38. Qa8 Rxa6 39. Rxa6 Qxa6 40. Qh8 Bf8 41. Bh4 Qe6 42. Qh7+ Ke8 43. Qxa7 Be7 44. Bxe7 Qxe7 45. Qa8+ Kf7 46. Qd5+ Kg7 47. Kh1 h4 48. Kg1 Qa7 49. Qd6 Qa1+ 50. Kh2 Qe1 51. Qf6+ Kh7 52. Qe7+ Kh8 53. Qg5 Kg7 54. Qe7+ Kh8 55. Qd8+ Kh7 56. Qg5 Kg7 57. e6 Qxe6 58. Qxh4 Qxc4 59. Qe7+ Kg8 60. Qe8+ Kg7 61. Qe7+ Kh8 62. Qf8+ Kh7 63. Qe7+ Kg8 64. Qd8+ Kf7 65. Qd7+ Kf6 66. Qd8+ Kg7 67. Qe7+ 1/2-1/2


[Site "https://www.chess.com"]

[Event "Titled Tuesday Blitz August 15 Late 2023"]
[White "Nanu, Costica-Ciprian"]
[Black "Mikhailov, Viacheslav"]
[WhiteFideId "1204580"]
[BlackFideId "4187369"]
[WhiteElo "2559"]
[BlackElo "2728"]
[Result "0-1"]
[Round "9"]
[TimeControl "180+1"]
[Date "2023.08.15"]
[WhiteClock "0:01:10"]
[BlackClock "0:00:53"]
[Board "32"]

1. Nf3 Nf6 2. c4 g6 3. g3 Bg7 4. Bg2 O-O 5. O-O d6 6. d3 Nc6 7. Nc3 e5 8. Rb1 h6 9. b4 Be6 10. b5 Ne7 11. Nd2 Qc8 12. Re1 Bh3 13. Bh1 Nh5 14. Nd5 Nxd5 15. Bxd5 Kh7 16. e3 f5 17. Qf3 f4 18. Bxb7 fxg3 19. Bxc8 Rxf3 20. Nxf3 gxf2+ 21. Kxf2 Rxc8 22. Kg1 Rf8 23. Nd2 Bf6 24. Ne4 Bh4 25. Rd1 Nf6 26. Nxf6+ Rxf6 27. Rb2 e4 28. dxe4 Re6 29. Bd2 Rxe4 30. Be1 Bf6 31. Rf2 Be5 32. Rd3 Rg4+ 33. Kh1 Rxc4 34. Rf7+ Kg8 35. Rf3 Bg4 36. Rf1 Be2 0-1


[Site "https://www.chess.com"]

[Event "Titled Tuesday Blitz August 15 Late 2023"]
[White "Hua, Lefong"]
[Black "MFatigue"]
[WhiteFideId "2602253"]
[WhiteElo "2709"]
[BlackElo "2514"]
[Result "1-0"]
[Round "9"]
[TimeControl "180+1"]
[Date "2023.08.15"]
[WhiteClock "0:00:49"]
[BlackClock "0:00:00"]
[Board "33"]

1. d4 d5 2. c4 c6 3. Nf3 Nf6 4. Nc3 dxc4 5. a4 Bf5 6. Ne5 Nbd7 7. Nxc4 Qc7 8. g3 e5 9. dxe5 Nxe5 10. Bf4 Nfd7 11. Bg2 g5 12. Bxe5 Nxe5 13. Ne3 Be6 14. O-O Be7 15. a5 Rd8 16. Qa4 O-O 17. a6 b5 18. Qe4 f5 19. Qc2 f4 20. Ned1 Bf5 21. Qb3+ Nc4 22. Ne4 Kh8 23. Qc3+ Qe5 24. Qxe5+ Nxe5 25. Ndc3 b4 26. Na4 Rd4 27. Nac5 Rfd8 28. Rac1 Kg7 29. e3 Rc4 30. exf4 gxf4 31. gxf4 Rxc1 32. Rxc1 Ng6 33. Ng3 Kf6 34. Nxf5 Kxf5 35. Bxc6 Nxf4 36. Be4+ Kf6 37. Kf1 h6 38. Nb7 Rd2 39. b3 Rb2 40. Bc2 Nd5 41. Na5 Ra2 42. Nc4 Ke6 43. Re1+ Kd7 44. Bf5+ Kd8 45. Rd1 1-0


[Site "https://www.chess.com"]

[Event "Titled Tuesday Blitz August 15 Late 2023"]
[White "Hristodoulou, Panagiotis"]
[Black "Papasimakopoulos, Alexandros"]
[WhiteFideId "4214340"]
[BlackFideId "4244125"]
[WhiteElo "2509"]
[BlackElo "2705"]
[Result "1-0"]
[Round "9"]
[TimeControl "180+1"]
[Date "2023.08.15"]
[WhiteClock "0:00:07"]
[BlackClock "0:00:07"]
[Board "34"]

1. d4 e6 2. Nc3 d5 3. Bf4 Bb4 4. e3 Nf6 5. Bd3 c5 6. dxc5 Bxc5 7. Nf3 Nc6 8. O-O O-O 9. e4 dxe4 10. Nxe4 Be7 11. Re1 b6 12. c3 Bb7 13. Nd6 Bxd6 14. Bxd6 Re8 15. Ng5 Ne7 16. Bb5 Rf8 17. Be5 Ng6 18. Bd4 h6 19. Nf3 Nf4 20. Bf1 Qd5 21. Bxf6 Qxd1 22. Raxd1 Bxf3 23. Rd4 Nh3+ 24. gxh3 gxf6 25. Rf4 Bd5 26. Rxf6 Kg7 27. Rf4 Bxa2 28. Bg2 Rad8 29. Ra1 Bb3 30. Rb4 Bc2 31. Bf3 Rd7 32. Be4 Bxe4 33. Rxe4 Rfd8 34. Kg2 Rc7 35. Rea4 a5 36. b4 axb4 37. Rxb4 Rd6 38. Rab1 Rcc6 39. c4 Rd2 40. Rxb6 Rxc4 41. R6b2 Rd5 42. Rb3 h5 43. Rg3+ Kf6 44. Rbb3 Rf5 45. Rbf3 Ra4 46. Rxf5+ Kxf5 47. Rf3+ Kg6 48. Rg3+ Kf6 49. Rf3+ Ke7 50. Rb3 f5 51. Rg3 Kf6 52. Rb3 h4 53. Rc3 e5 54. Rc6+ Kg5 55. Rc8 Ra2 56. Rg8+ Kf6 57. Rh8 e4 58. Re8 Kg5 59. Kg1 Kf4 60. Kg2 Rb2 61. Re7 Rb8 62. Rh7 Rg8+ 63. Kf1 Kf3 64. Rxh4 Ra8 65. Ke1 Ra1+ 66. Kd2 Rg1 67. Rh5 f4 68. Rf5 Rf1 69. Kc3 Rxf2 70. Kd4 e3 71. Ke5 e2 72. Rxf4+ Kg2 73. Re4 Kf1 74. h4 Rxh2 75. Kf5 e1=Q 76. Rxe1+ Kxe1 77. Kg5 Rg2+ 78. Kf6 Rh2 79. Kg5 Kf2 80. h5 Kg3 81. h6 Ra2 82. h7 Ra8 83. Kg6 Kg4 84. Kg7 Ra7+ 85. Kg8 Ra8+ 86. Kg7 Ra7+ 87. Kg8 Kg5 88. h8=Q Kg6 89. Qh1 Rg7+ 90. Kf8 Rf7+ 91. Ke8 Rf5 92. Qb1 Kf6 93. Kd7 Re5 94. Qd3 Rf5 95. Kd6 Rf4 96. Qe3 Kf5 97. Qe5+ Kg4 98. Qg7+ Kf3 99. Ke5 Re4+ 100. Kd5 Rf4 101. Qg5 Rg4 102. Qh5 Kf4 103. Kd4 Rg5 104. Qh6 Kf5 105. Qh7+ Kf4 106. Qe4+ Kg3 107. Ke3 Rg4 108. Qh7 Rg5 109. Qh6 Rg4 110. Ke2 Rf4 111. Qg5+ Rg4 112. Qh5 Rf4 113. Ke3 Rg4 114. Qh1 Rg5 115. Qg1+ Kh4 116. Qh2+ Kg4 117. Ke4 Rg6 118. Qg2+ Kh5 119. Qh3+ Kg5 120. Ke5 Rg7 121. Qg3+ Kh6 122. Qh4+ Kg6 123. Ke6 Rg8 124. Qg4+ Kh6 125. Qxg8 Kh5 126. Kf5 Kh6 127. Qg6# 1-0


[Site "https://www.chess.com"]

[Event "Titled Tuesday Blitz August 15 Late 2023"]
[White "Volovich, Vasily"]
[Black "Todorovic, Bojan"]
[WhiteFideId "34169676"]
[BlackFideId "917087"]
[WhiteElo "2703"]
[BlackElo "2440"]
[Result "1-0"]
[Round "9"]
[TimeControl "180+1"]
[Date "2023.08.15"]
[WhiteClock "0:00:52"]
[BlackClock "0:00:42"]
[Board "35"]

1. e4 g6 2. d4 Bg7 3. Nc3 d6 4. h4 Nf6 5. Be2 Nc6 6. h5 Nxh5 7. Bxh5 gxh5 8. Be3 e5 9. dxe5 Nxe5 10. Qxh5 Bg4 11. Qh4 Qxh4 12. Rxh4 h5 13. f3 Nc4 14. Bc1 Be6 15. Nge2 O-O-O 16. b3 Nb6 17. Bb2 d5 18. O-O-O Bf6 19. Rhh1 h4 20. exd5 Bxd5 21. Nxd5 Bxb2+ 22. Kxb2 Nxd5 23. Rd4 Ne3 24. Rhxh4 Nxg2 25. Rxh8 Rxh8 26. Re4 f5 27. Re7 Rh2 28. Nd4 f4 29. Nb5 a6 30. Nxc7 Ne3 31. Ne6 Nxc2 32. Rc7+ 1-0


[Site "https://www.chess.com"]

[Event "Titled Tuesday Blitz August 15 Late 2023"]
[White "Korchmar, Vasiliy"]
[Black "Blackburn, Jonathan L B"]
[WhiteFideId "24131750"]
[BlackFideId "1801090"]
[WhiteElo "2682"]
[BlackElo "2438"]
[Result "1-0"]
[Round "9"]
[TimeControl "180+1"]
[Date "2023.08.15"]
[WhiteClock "0:01:17"]
[BlackClock "0:01:08"]
[Board "36"]

1. e4 e6 2. d4 d5 3. e5 c5 4. c3 Qb6 5. Nf3 Bd7 6. Be2 Bb5 7. O-O Bxe2 8. Qxe2 Qa6 9. Qd1 cxd4 10. Nxd4 Nc6 11. a4 Nxd4 12. cxd4 Ne7 13. Nc3 Nf5 14. g4 Nh4 15. Bg5 Be7 16. Bxh4 Bxh4 17. Nb5 Qb6 18. Nd6+ Ke7 19. a5 Qa6 20. Qc2 Rad8 21. f4 f6 22. Qc5 Qe2 23. Nf5+ Kf7 24. Qe7+ Kg6 25. Qxg7# 1-0


[Site "https://www.chess.com"]

[Event "Titled Tuesday Blitz August 15 Late 2023"]
[White "Hoang, Thi Bao Tram"]
[Black "Balla, Tamas-Kristof"]
[WhiteFideId "12401102"]
[BlackFideId "1208497"]
[WhiteElo "2681"]
[BlackElo "2433"]
[Result "1-0"]
[Round "9"]
[TimeControl "180+1"]
[Date "2023.08.15"]
[WhiteClock "0:00:34"]
[BlackClock "0:00:01"]
[Board "37"]

1. Nf3 c5 2. g3 Nc6 3. Bg2 g6 4. c3 Bg7 5. d4 cxd4 6. cxd4 d5 7. O-O Nf6 8. Ne5 O-O 9. Nxc6 bxc6 10. Nc3 Nd7 11. Be3 Re8 12. Rc1 e5 13. Re1 Rb8 14. b3 Bb7 15. dxe5 Nxe5 16. Bxa7 Ra8 17. Bd4 Qf6 18. e3 Qf5 19. Rc2 Nd3 20. g4 Qg5 21. Qxd3 Qxg4 22. Bxg7 Kxg7 23. Ne2 Qh5 24. Ng3 Qe5 25. Rec1 Kg8 26. Qd4 Qe6 27. h4 h5 28. Kh2 Qd6 29. Bf3 Bc8 30. Rg1 Qd7 31. Bg2 Rb8 32. Nxh5 Qe7 33. Nf6+ Kf8 34. Nxe8 Rb4 35. Qh8# 1-0


[Site "https://www.chess.com"]

[Event "Titled Tuesday Blitz August 15 Late 2023"]
[White "Bjelobrk, Igor"]
[Black "chessmateto"]
[WhiteFideId "4300726"]
[WhiteElo "2679"]
[BlackElo "2433"]
[Result "1-0"]
[Round "9"]
[TimeControl "180+1"]
[Date "2023.08.15"]
[WhiteClock "0:00:17"]
[BlackClock "0:00:04"]
[Board "38"]

1. d4 Nf6 2. c4 c6 3. Nf3 d5 4. Qc2 e6 5. g3 Nbd7 6. Bg2 Bb4+ 7. Bd2 Bxd2+ 8. Nbxd2 O-O 9. O-O Re8 10. e4 dxe4 11. Nxe4 Nxe4 12. Qxe4 Nf6 13. Qe2 Qe7 14. c5 Nd5 15. Rfe1 b6 16. Rac1 Rb8 17. a3 a5 18. Ne5 Qc7 19. Rc2 b5 20. f4 Rd8 21. Qf2 f6 22. Nd3 Ne7 23. Rce2 Nf5 24. Re4 Qd7 25. Rxe6 Qxd4 26. Re8+ Rxe8 27. Rxe8+ Kf7 28. Qxd4 Nxd4 29. Rh8 h6 30. Kf2 Ne6 31. Bxc6 Nf8 32. Be4 Be6 33. c6 Rc8 34. Nc5 Bc4 35. b3 Be6 36. Ke3 f5 37. Bf3 Re8 38. Kf2 Rc8 39. b4 axb4 40. axb4 Bc4 41. Nb7 Ke6 42. Ke3 Bf1 43. Kd4 Bc4 44. Kc5 Kf7 45. Kb6 Nd7+ 46. cxd7 Rxh8 47. d8=Q Rxd8 48. Nxd8+ Ke7 49. Nc6+ Kd6 50. Ne5 Bf1 51. Bc6 g5 52. Bxb5 Bg2 53. Bd3 gxf4 54. gxf4 Be4 55. b5 Kd5 56. Kc7 Kd4 57. Bf1 Kd5 58. b6 Kd4 59. Ba6 Bb7 60. Bxb7 1-0


[Site "https://www.chess.com"]

[Event "Titled Tuesday Blitz August 15 Late 2023"]
[White "Altman, Joshua"]
[Black "Daianu, Cristian-Clement"]
[WhiteFideId "426210"]
[BlackFideId "1208926"]
[WhiteElo "2607"]
[BlackElo "2416"]
[Result "1/2-1/2"]
[Round "9"]
[TimeControl "180+1"]
[Date "2023.08.15"]
[WhiteClock "0:00:07"]
[BlackClock "0:00:41"]
[Board "39"]

1. Nf3 d5 2. d4 e6 3. c4 f5 4. Nc3 Nf6 5. cxd5 exd5 6. Bf4 c6 7. e3 Bd6 8. Bxd6 Qxd6 9. Bd3 O-O 10. O-O Ne4 11. Qc2 Be6 12. Rae1 Nd7 13. Nd2 Rae8 14. f3 Nxd2 15. Qxd2 Nf6 16. Qf2 Qd7 17. Ne2 Bf7 18. Ng3 Bg6 19. Qc2 Nh5 20. b4 Nxg3 21. hxg3 Qd6 22. b5 Qxg3 23. bxc6 Rc8 24. Qb3 bxc6 25. Rc1 f4 26. Bxg6 hxg6 27. e4 Qg5 28. Rc5 Rfd8 29. Rfc1 Rb8 30. Qc3 Qe7 31. e5 g5 32. Rxc6 g4 33. fxg4 Qg5 34. Qf3 Rb4 35. Rd6 Rxd4 36. Rcc6 Rd1+ 37. Qxd1 Re8 38. Re6 Rf8 39. Qxd5 Kh8 40. Rg6 Qh4 41. Qe4 f3 42. gxf3 Qg3+ 43. Kh1 Qh3+ 44. Kg1 Qg3+ 45. Kh1 Qh3+ 46. Kg1 Qg3+ 1/2-1/2


[Site "https://www.chess.com"]

[Event "Titled Tuesday Blitz August 15 Late 2023"]
[White "Rustemov, Alexander"]
[Black "Delorme, Laurie"]
[WhiteFideId "4119002"]
[BlackFideId "630829"]
[WhiteElo "2754"]
[BlackElo "2423"]
[Result "1-0"]
[Round "9"]
[TimeControl "180+1"]
[Date "2023.08.15"]
[WhiteClock "0:01:59"]
[BlackClock "0:01:37"]
[Board "40"]

1. d4 Nf6 2. c4 e6 3. Nf3 d5 4. Nc3 Bb4 5. Bg5 h6 6. Bxf6 Qxf6 7. e3 O-O 8. Rc1 Rd8 9. Qb3 c5 10. cxd5 exd5 11. a3 Bxc3+ 12. bxc3 c4 13. Qb2 Nc6 14. Be2 b6 15. O-O Bg4 16. Rfe1 Na5 17. Nd2 Bxe2 18. Rxe2 Qc6 19. e4 dxe4 20. Nxe4 Re8 21. Rce1 Kh8 22. h3 Re7 23. Ng3 Rxe2 24. Qxe2 Nb3 25. Qe7 Kg8 26. Nf5 1-0


[Site "https://www.chess.com"]

[Event "Titled Tuesday Blitz August 15 Late 2023"]
[White "D`Arruda, Ricardo D."]
[Black "GaiozNigalidze"]
[WhiteFideId "100692"]
[WhiteElo "2537"]
[BlackElo "2707"]
[Result "1-0"]
[Round "9"]
[TimeControl "180+1"]
[Date "2023.08.15"]
[WhiteClock "0:00:19"]
[BlackClock "0:00:00"]
[Board "41"]

1. Nf3 Nf6 2. g3 g6 3. Bg2 Bg7 4. O-O d6 5. d4 O-O 6. Nc3 Nbd7 7. e4 e5 8. Re1 c6 9. h3 Qc7 10. a4 exd4 11. Nxd4 a5 12. Be3 Re8 13. f4 Nc5 14. Bf2 Bd7 15. Qd2 Rad8 16. Rad1 Bc8 17. Kh2 h5 18. Re2 h4 19. g4 g5 20. fxg5 d5+ 21. Kh1 Nfxe4 22. Qe1 Nxf2+ 23. Qxf2 Rxe2 24. Ncxe2 Ne4 25. Qxh4 Qe5 26. g6 f6 27. Rf1 Ng5 28. c3 c5 29. Nf3 Nxf3 30. Qh7+ Kf8 31. Rxf3 Be6 32. Nf4 Bg8 33. Qh4 d4 34. Nh5 dxc3 35. Nxf6 Rd1+ 36. Bf1 Bxf6 37. Rxf6+ Ke8 38. Qh8 Qe4+ 39. Kg1 Qd4+ 40. Kg2 Rd2+ 41. Kg3 Qe5+ 42. Kh4 Qe1+ 43. Kh5 Rd5+ 44. g5 Rxg5+ 45. Kxg5 Qe5+ 46. Kh6 Qe3+ 47. Kg7 Qe7+ 48. Rf7 Qe5+ 49. Kxg8 1-0


[Site "https://www.chess.com"]